 Dungeon Sprint DCSS version 0.22.1-1-ga44c0e56f4 (webtiles) character file.

6389 MuseOD the Unseen (level 10, 0/58 HPs)
             Began as a Spriggan Enchanter on Oct 4, 2018.
             Was an Elder of Sif Muna.
             Slain by a sixfirhy (6 damage)
             ... summoned by an orc high priest
             ... in the Dungeon (Sprint III: "The Ten Rune Challenge").
             The game lasted 00:06:13 (2088 turns).

MuseOD the Unseen (Spriggan Enchanter)              Turns: 2088, Time: 00:06:13

Health: 0/58       AC:  2    Str:  4    XL:     10   Next: 66%
Magic:  9/25       EV: 18    Int: 20    God:    Sif Muna [****..]
Gold:   30         SH:  0    Dex: 17    Spells: 18/30 levels left

rFire    . . .     SeeInvis +   a - +1 dagger
rCold    . . .     Gourm    .   (shield restricted)
rNeg     . . .     Faith    .   b - +0 robe
rPois    .         Spirit   .   (helmet restricted)
rElec    .         Reflect  .   (no cloak)
rCorr    .         Harm     .   (gloves unavailable)
MR       +....     NoTele   +   (boots unavailable)
Stlth    +++++++...             (no amulet)
HPRegen  0.19/turn              (no ring)
MPRegen  0.19/turn              (no ring)

@: very quick
A: very small, unfitting armour, see invisible, herbivore, speed 3, slow
metabolism 2
a: Divine Energy, Channel Magic, Forget Spell, Renounce Religion


You were in the Dungeon.
You worshipped Sif Muna.
Sif Muna was greatly pleased with you.
You were not hungry.

You visited 1 branch You collected 30 gold pieces.

Inventory:

Hand Weapons
 a - a +1 dagger (weapon)
Armour
 b - a +0 robe (worn)
Scrolls
 j - a scroll of blinking
 k - a scroll of holy word {unknown}
 l - 2 scrolls of identify
 m - 2 scrolls of remove curse {unknown}
 o - a scroll of immolation {unknown}
 p - a scroll of enchant armour {unknown}
Potions
 c - 4 potions of mutation {unknown}
 e - a potion of curing
 f - a potion of heal wounds
 g - a potion of haste
 h - a potion of magic
 i - a potion of berserk rage
 n - 2 potions of flight
 q - a potion of degeneration {unknown}
Comestibles
 d - 3 rations


   Skills:
 + Level 9.5 Fighting
 * Level 16.3 Short Blades
 - Level 3.0 Dodging
 - Level 17.7 Stealth
 + Level 10.7 Spellcasting
 + Level 11.0 Hexes


You had 18 spell levels left.
You knew the following spells:

 Your Spells              Type           Power        Failure   Level  Hunger
a - Corona                Hex            ######.      1%          1    None
b - Ensorcelled Hibernat  Hex/Ice        ####..       1%          2    None
c - Confuse               Hex            ######..     1%          3    None
d - Dazzling Spray        Conj/Hex       ####..       1%          3    None
e - Mephitic Cloud        Conj/Pois/Air  ##......     19%         3    None

Your spell library contained the following spells:

 Spells                   Type           Power        Failure   Level  Hunger
 Confusing Touch          Hex            ######       1%          1    None
 Slow                     Hex            ######..     1%          2    None
 Tukima's Dance           Hex            ######..     1%          3    None
 Magic Dart               Conj           ##..         6%          1    None
 Blink                    Tloc           N/A          10%         2    None
 Call Imp                 Summ           ##......     10%         2    None
 Conjure Flame            Conj/Fire      ##......     19%         3    None
 Gell's Gravitas          Tloc           ##........   19%         3    None
 Metabolic Englaciation   Hex/Ice        ####......   19%         5    ####...
 Yara's Violent Unravell  Hex/Tmut       ####......   19%         5    ####...
 Petrify                  Tmut/Erth      ##......     54%         4    ##.....


Dungeon Overview and Level Annotations

Branches:
Dungeon (1/1)

Altars:
Dithmenos
Elyvilon
Kikubaaqudgha
Okawaru
Ru
Sif Muna
Trog
Uskayaw
Vehumet
Wu Jian
Yredelemnul
Zin
The Shining One
Beogh


Innate Abilities, Weirdness & Mutations

You are very small and have problems with some larger weapons.
You are too small for most types of armour.
You have supernaturally acute eyesight. (SInv)
You are a herbivore.
You cover ground extremely quickly.
You need to consume almost no food.


Message History

Casting: Confuse (safe; 1% risk of failure)
Confirm with . or Enter, or press ? or * to list all spells.
Aiming: Confuse (safe; 1% risk of failure)
Press: ? - help, Shift-Dir - straight line, f/p - orc high priest
Aim: an orc high priest, wielding a battleaxe and wearing a ring mail (chance The orc high priest resists with some effort.
Casting: Confuse (safe; 1% risk of failure)
Confirm with . or Enter, or press ? or * to list all spells.
Aiming: Confuse (safe; 1% risk of failure)
Press: ? - help, Shift-Dir - straight line, f/p - orc high priest
Aim: an orc high priest, wielding a battleaxe and wearing a ring mail (black The orc high priest resists with some effort.
The orc high priest mumbles some strange prayers to Beogh.
The hellwing hits you! The hellwing hits you.
There is an open door here.
The sixfirhy hits you! The sixfirhy shocks you!
* * * LOW HITPOINT WARNING * * *
The sixfirhy barely misses you. The sixfirhy hits you.
You die...

#
#+#####################
#....#.#.#)....#......+
##.#..#.##.###)#......#
'##)#.#.##.#).##......#
#...#..#..##..'.......#
▓▓▓▓▓▓▓▓▓▓▓▓▓▓#.......#
#.......# +.@.....#
#.3.^...# ##'########
#.o.o4≈≈≈≈# #...#o≈§≈≈#
#)).#§#≈≈≈#
#####o#.≈≈≈# #oPP.4#
#≈≈§≈ #.oP..# .≈≈≈


You could see an orc high priest and a sixfirhy.

Vanquished Creatures
  Harold (D)
  2 yaktaur captains (D)
  Erolcha (D)
  Joseph (D)
  A deep elf mage (D)
  A shadow (D)
  2 redbacks (D)
  A necrophage (D)
  5 two-headed ogres (D)
  A water elemental (D)
  A scorpion (D)
  An orc priest (D)
  A wizard (D)
  A jelly (D)
  A necromancer (D)
  A kobold demonologist (D)
  3 humans (D)
  An ooze (D)
  3 rats (D)
29 creatures vanquished.

Vanquished Creatures (others)
  2 draconian scorchers (D)
  6 hellions (D)
  A yaktaur (D)
  5 plants (D)
14 creatures vanquished.

Grand Total: 43 creatures vanquished

Notes
Turn   | Place    | Note
-------+----------+-------------------------------------------
     0 | D        | MuseOD the Spriggan Enchanter began the quest for the Orb.
     0 | D        | Reached XP level 1. HP: 9/9 MP: 5/5
     9 | D        | Reached skill level 5 in Stealth
    20 | D        | Reached skill level 7 in Stealth
    95 | D        | Killed a hellion
    97 | D        | Killed a hellion
   109 | D        | Killed a hellion
   112 | D        | Killed a hellion
   150 | D        | Killed a hellion
   169 | D        | Killed a white draconian scorcher
   199 | D        | Killed a white draconian scorcher
   207 | D        | Killed a hellion
   246 | D        | Noticed a scorpion
   249 | D        | Killed a scorpion
   249 | D        | Reached skill level 11 in Stealth
   249 | D        | Reached XP level 2. HP: 13/13 MP: 6/6
   249 | D        | Reached XP level 3. HP: 16/16 MP: 8/8
   268 | D        | Learned a level 2 spell: Ensorcelled Hibernation
   272 | D        | Learned a level 3 spell: Confuse
   299 | D        | Reached skill level 12 in Stealth
   299 | D        | Reached XP level 4. HP: 9/21 MP: 3/9
   315 | D        | Killed a yaktaur
   488 | D        | Noticed a water elemental
   491 | D        | Killed a water elemental
   491 | D        | Reached skill level 14 in Stealth
   499 | D        | Found a basalt altar of Yredelemnul.
   499 | D        | Found a shadowy altar of Dithmenos.
   499 | D        | Found a sacrificial altar of Ru.
   499 | D        | Noticed a necrophage
   501 | D        | Killed a necrophage
   501 | D        | Reached skill level 17 in Stealth
   501 | D        | Reached XP level 5. HP: 24/24 MP: 10/10
   517 | D        | Found a radiant altar of Vehumet.
   522 | D        | Reached skill level 1 in Fighting
   522 | D        | Reached XP level 6. HP: 30/30 MP: 6/11
   530 | D        | Found a deep blue altar of Sif Muna.
   534 | D        | Noticed a ynoxinul
   699 | D        | Noticed a neqoxec
   703 | D        | Noticed an orange demon
   889 | D        | Found an ancient bone altar of Kikubaaqudgha.
   897 | D        | Became a worshipper of Sif Muna the Loreminder
   909 | D        | Learned a level 3 spell: Dazzling Spray
   910 | D        | Found a glowing silver altar of Zin.
   910 | D        | Found a glowing golden altar of the Shining One.
   910 | D        | Found a white marble altar of Elyvilon.
   910 | D        | Noticed a deep elf mage
   913 | D        | Killed a deep elf mage
   913 | D        | Reached XP level 7. HP: 38/38 MP: 12/12
   916 | D        | Found a hide-covered altar of Uskayaw.
   916 | D        | Found a roughly hewn altar of Beogh.
   916 | D        | Found an iron altar of Okawaru.
   916 | D        | Found a bloodstained altar of Trog.
   916 | D        | Found an ornate altar of the Wu Jian Council.
   916 | D        | Noticed a human
   916 | D        | Noticed a human
  1278 | D        | Killed a human
  1278 | D        | Reached skill level 5 in Fighting
  1278 | D        | Reached skill level 10 in Short Blades
  1283 | D        | Killed a human
  1377 | D        | Noticed a shadow
  1379 | D        | Killed a shadow
  1379 | D        | Reached XP level 8. HP: 44/44 MP: 12/14
  1383 | D        | Reached * piety under Sif Muna
  1433 | D        | Reached skill level 5 in Hexes
  1690 | D        | Noticed a two-headed ogre
  1693 | D        | Killed a two-headed ogre
  1693 | D        | Reached skill level 5 in Spellcasting
  1699 | D        | Learned a level 3 spell: Mephitic Cloud
  1702 | D        | Noticed Erolcha
  1703 | D        | Noticed a two-headed ogre
  1705 | D        | Killed a two-headed ogre
  1705 | D        | Reached ** piety under Sif Muna
  1714 | D        | Killed Erolcha
  1714 | D        | Reached XP level 9. HP: 51/51 MP: 11/21
  1780 | D        | Reached *** piety under Sif Muna
  1786 | D        | Noticed Harold
  1787 | D        | Noticed Joseph
  1790 | D        | Killed Harold
  1790 | D        | Reached skill level 15 in Short Blades
  1790 | D        | Reached XP level 10. HP: 57/57 MP: 21/24
  1806 | D        | Killed Joseph
  1806 | D        | Reached **** piety under Sif Muna
  1806 | D        | Reached skill level 10 in Hexes
  1858 | D        | Noticed a yaktaur captain
  1858 | D        | Noticed a yaktaur captain
  1858 | D        | Noticed a yaktaur captain
  1859 | D        | Killed a yaktaur captain
  1859 | D        | Reached skill level 10 in Spellcasting
  1862 | D        | Killed a yaktaur captain
  2084 | D        | Noticed a sixfirhy
  2088 | D        | Slain by a sixfirhy

Skill      XL: |  1  2  3  4  5  6  7  8  9 10 |
---------------+-------------------------------+-----
Stealth        | 11 12 17 | 17.7
Fighting       | 1 4 6 7 8 9 |  9.5
Short Blades   | 2 9 11 13 15 16 | 16.3
Spellcasting   | 3 7 9 10 | 10.7
Hexes          | 4 7 9 11 | 11.0
Dodging        | |  3.0

Action                   |  1- 3 |  4- 6 |  7- 9 | 10-12 || total
-------------------------+-------+-------+-------+-------++-------
Melee: Dagger            |    34 |    24 |    52 |    19 ||   129
 Cast: Ensorcelled Hiber |     2 |    11 |    10 |       ||    23
       Confuse           |     1 |     5 |    11 |    11 ||    28
       Dazzling Spray    |       |       |     2 |       ||     2
  Use: Potion            |       |     1 |       |       ||     1
 Stab: Sleeping          |     4 |     5 |    10 |       ||    19
       Confused          |     1 |       |     2 |     3 ||     6
       Invisible         |       |       |     1 |       ||     1
  Eat: Ration            |       |       |     1 |       ||     1
Armor: Robe              |     2 |     1 |     2 |       ||     5
Dodge: Dodged            |    16 |    15 |    29 |     4 ||    64
